AoeStats
← JulBurn

Arabia

508841022Analyzed
1v1 RM · 7d ago on Sep 24, 2026· 76m 18s· 2 players
Game mode
Random Map
Map size
Tiny (2 player)
Population
200
Speed
Normal
Resources
Standard
Victory
Conquest
Starting age
Dark Age
Ending age
Imperial Age
RankedLock teamsTeams togetherTeam positionsShared explorationLock speedFull tech treeHidden civsTurbo modeCheats
Victory
Defeat
🇪🇸 Huns · Spain
823
+13
🇵🇱 Poles · Poland
761
-13
JulBurn
8:27 Loom
11:10 Feudal Age
13:00 Double-Bit Axe
16:12 Bloodlines
21:52 Castle Age
20:10 Horse Collar
22:08 Light Cavalry
24:03 Stone Mining
25:06 Wheelbarrow
26:11 Forging
28:09 Gold Mining
29:01 Husbandry
29:10 Scale Barding Armor
29:40 Town Watch
30:44 Hand Cart
32:53 Iron Casting
32:28 Scale Mail Armor
33:27 Szlachta Privileges
33:41 Heavy Plow
35:03 Arson
39:18 Imperial Age
38:37 Chain Mail Armor
38:13 Fletching
39:54 Bow Saw
40:48 Crop Rotation
40:47 Elite Obuch
43:53 Hoardings
47:20 Winged Hussar
48:07 Squires
48:54 Stone Shaft Mining
49:27 Plate Mail Armor
49:58 Blast Furnace
49:21 Chain Barding Armor
50:08 Lechitic Legacy
51:18 Conscription
56:01 Heavy Mounted Crossbowman
59:46 Bodkin Arrow
62:24 Cavalier
morfi grei
3:46 Loom
10:34 Feudal Age
16:40 Castle Age
16:49 Wheelbarrow
18:33 Double-Bit Axe
20:19 Horse Collar
22:32 Pikeman
24:53 Bow Saw
30:27 Heavy Plow
30:23 Gold Mining
30:24 Stone Mining
32:18 Hand Cart
31:51 Town Watch
36:15 Imperial Age
34:26 Squires
38:19 Conscription
39:57 Atheism
40:57 Scale Barding Armor
41:03 Forging
42:00 Two-Man Saw
43:28 Murder Holes
43:19 Man-at-Arms
47:48 Ballistics
47:39 Masonry
47:32 Scale Mail Armor
48:08 Iron Casting
47:23 Fletching
48:56 Halberdier
52:34 Chemistry
51:53 Chain Mail Armor
52:38 Blast Furnace
51:36 Bodkin Arrow
51:12 Elite Skirmisher
54:13 Town Patrol
56:36 Long Swordsman
57:52 Thumb Ring
57:11 Crossbowman
57:29 Two-Handed Swordsman
57:40 Elite Tarkan
66:00 Padded Archer Armor
71:55 Chain Barding Armor
71:35 Bracer
75:00 Gold Shaft Mining
74:20 Arson
Connection lost

Rejoining the realm…

Still unreachable

The connection could not be restored.

Session expired

The server has moved on; the page needs a fresh start.